 Dungeon Crawl Stone Soup version 0.28.0-53-g5a82cb258f (webtiles) character file.

Game seed: 6202569052157817608

333 Cykl0x the Digger (level 6, -6/33 HPs)
             Began as a Gargoyle Earth Elementalist on June 2, 2022.
             Mangled by Duvessa
             ... wielding a +1 short sword of distortion
              (17 damage)
             ... on level 4 of the Dungeon.
             The game lasted 00:04:29 (3495 turns).

Cykl0x the Digger (Gargoyle Earth Elementalist)     Turns: 3495, Time: 00:04:30

Health: -6/33      AC:  9    Str: 11    XL:     6   Next: 53%
Magic:  3/11       EV: 12    Int: 18    God:
Gold:   137        SH:  0    Dex: 10    Spells: 8/12 levels left

rFire   . . .      SeeInvis .   a - +0 mace (vorpal)
rCold   . . .      Faith    .   (no shield)
rNeg    + . .      Spirit   .   b - +0 robe
rPois   ∞          Reflect  .   (no helmet)
rElec   +          Harm     .   h - +2 cloak
rCorr   .          Rampage  .   (no gloves)
Will    .....                   (no boots)
Stlth   ++........              (no amulet)
HPRegen 0.11/turn               (no ring)
MPRegen 0.12/turn               (no ring)

@: no status effects
A: sickness immunity, AC +4, negative energy resistance 1, electricity
resistance, torment resistance 1, petrification resistance
a: no special abilities


You were on level 4 of the Dungeon.
You visited 1 branch of the dungeon, and saw 4 of its levels.

You collected 137 gold pieces.

Inventory:

Hand Weapons
 a - a +0 vorpal mace (weapon)
 m - a +0 flail
Armour
 b - a +0 robe (worn)
 c - a +0 scale mail
 h - a +2 cloak (worn)
 i - a +1 buckler
Scrolls
 e - a scroll of immolation
 g - a scroll of teleportation
 l - a scroll of magic mapping
Potions
 d - 2 potions of haste {unknown}
 f - 2 potions of curing
 j - a potion of flight {unknown}
 k - a potion of attraction {unknown}
 n - a potion of heal wounds {unknown}
 o - a potion of might {unknown}


   Skills:
 + Level 0.8 Fighting
 + Level 0.8 Maces & Flails
 + Level 2.0 Dodging
 - Level 2.1 Stealth
 + Level 3.8 Spellcasting
 * Level 2.7 Conjurations
 - Level 0.7 Transmutations
 + Level 5.8 Earth Magic


You had 8 spell levels left.
You knew the following spells:

 Your Spells              Type           Power      Damage    Failure   Level
a - Sandblast             Erth           48%        2d12      1%          1
b - Stone Arrow           Conj/Erth      36%        3d9       8%          3

Your spell library contained the following spells:

 Spells                   Type           Power      Damage    Failure   Level
 Passwall                 Tmut/Erth      12%        N/A       6%          2
 Petrify                  Tmut/Erth      15%        N/A       36%         4


Dungeon Overview and Level Annotations

Branches:
Dungeon (4/15)
 Temple: D:4-7

Altars:

Annotations:
D:4 Dowan, Duvessa


Innate Abilities, Weirdness & Mutations

You are immune to sickness and miasma.
Your stone body is resilient. (AC +4)
You are immune to poison.
You resist negative energy. (rN+)
You are resistant to electric shocks. (rElec)
You are resistant to unholy torment.
You are immune to petrification.


Message History

Press: ? - help, Shift-Dir - straight line, f - Duvessa
Aim: Duvessa, wielding a +1 short sword of distortion and wearing a +1 leather armour of willpower (72% to hit)
The stone arrow misses Duvessa.
Unknown command.
Casting: Stone Arrow (quite dangerous; 8% risk of failure)
Confirm with . or Enter, or press ? or * to list all spells.
The spell is quite dangerous to miscast (8% risk of failure)!
Continue anyway?
Aiming: Stone Arrow (quite dangerous; 8% risk of failure)
Press: ? - help, Shift-Dir - straight line, f/p - Duvessa
Aim: Duvessa, wielding a +1 short sword of distortion and wearing a +1 leather armour of willpower (72% to hit)
The stone arrow hits Duvessa!
Duvessa is moderately wounded.
Duvessa says, "When magic and the sword combine, nothing stands against them."
Casting: Stone Arrow (quite dangerous; 8% risk of failure)
Confirm with . or Enter, or press ? or * to list all spells.
The spell is quite dangerous to miscast (8% risk of failure)!
Continue anyway?
Aiming: Stone Arrow (quite dangerous; 8% risk of failure)
Press: ? - help, Shift-Dir - straight line, f/p - Duvessa
Aim: Duvessa, wielding a +1 short sword of distortion and wearing a +1 leather armour of willpower (moderately wounded, 72% to hit)
The stone arrow hits Duvessa!
Duvessa is heavily wounded.
Unknown command.
Casting: Stone Arrow (quite dangerous; 8% risk of failure)
Confirm with . or Enter, or press ? or * to list all spells.
You don't have enough magic to cast this spell.
There are monsters nearby!
Unknown command.
Dowan casts a spell at you. The puff of flame hits you!
* * * LOW HITPOINT WARNING * * *
Duvessa hits you with a +1 short sword of distortion.
* * * LOW HITPOINT WARNING * * *
Space warps around you.
* * * LOW HITPOINT WARNING * * *
You feel better. Duvessa hits you but does no damage. Space warps around you.
* * * LOW HITPOINT WARNING * * *
You feel better. Duvessa hits you but does no damage.
Space warps horribly around you!
Ouch! That really hurt!
You die...

#..#####..# ##
##..##....#
..###.....<..#
................
#..............
#............##
#.e.##.....###
#e#####....# #@#
#..e.# #..#
#..... #..# ...#
###.. ##. . .#


You could see Duvessa and Dowan.

Vanquished Creatures
  Sigmund (D:3)
  Terence (D:3)
  7 gnolls (D:3)
  2 adders (D:2)
  2 worms
  A dart slug (D:1)
  4 orcs (D:3)
  3 ball pythons
  4 bats
  3 endoplasms
  3 giant cockroaches
  4 hobgoblins
  5 jackals (D:3)
  2 quokkas
  2 frilled lizards (D:1)
  5 goblins
  3 kobolds
  3 rats (D:3)
55 creatures vanquished.

Vanquished Creatures (others)
  14 plants (D:2)
14 creatures vanquished.

Grand Total: 69 creatures vanquished

Notes
Turn   | Place    | Note
-------+----------+-------------------------------------------
     0 | D:1      | Cykl0x the Gargoyle Earth Elementalist began the quest for
                  | the Orb.
     0 | D:1      | Reached XP level 1. HP: 10/10 MP: 3/3
   178 | D:1      | Reached skill level 4 in Earth Magic
   178 | D:1      | Reached XP level 2. HP: 15/15 MP: 3/5
   954 | D:2      | Reached skill level 1 in Conjurations
  1009 | D:2      | Reached XP level 3. HP: 19/19 MP: 4/6
  1013 | D:2      | Learned a level 3 spell: Stone Arrow
  1052 | D:2      | Found a faded altar of an unknown god.
  2139 | D:3      | Reached XP level 4. HP: 24/24 MP: 0/8
  2554 | D:3      | Noticed Terence
  2574 | D:3      | Killed Terence
  2575 | D:3      | Reached XP level 5. HP: 9/28 MP: 1/9
  2909 | D:3      | Noticed Sigmund
  2915 | D:3      | Killed Sigmund
  2916 | D:3      | Reached skill level 5 in Earth Magic
  2916 | D:3      | Reached XP level 6. HP: 31/33 MP: 3/11
  3459 | D:4      | Noticed Duvessa
  3460 | D:4      | Noticed Dowan
  3492 | D:4      | HP: 1/33 [Duvessa/+1 short sword of distortion (2)]
  3495 | D:4      | Mangled by Duvessa

Illustrated notes

Levels and vault maps discovered:
D:1:      lightli_arrival_windingriver, layout_basic, kennysheep_doodads,
          minivault_5, minmay_unequal
D:2:      layout_loops_ring, ebering_ecumenical_altar_rust,
          hangedman_decor_points, serial_bayou_lagoon_a
D:3:      layout_basic, uniq_terence, uniq_sigmund
D:4:      layout_layer_cave, roderic_nine_men_s_morris, skrybe_limestone_x,
          minmay_misc_feat_enclosed, uniq_duvessa

Skill      XL: |  1  2  3  4  5 |
---------------+----------------+-----
Earth Magic    | 4 5 |  5.8
Conjurations   | 1 2 |  2.7
Spellcasting   | 3 |  3.8
Dodging        | 2 |  2.0
Fighting       | |  0.8
Maces & Flails | |  0.8
Stealth        | |  2.1
Transmutations | |  0.7

Action                   |  1- 3 |  4- 6 || total
-------------------------+-------+-------++-------
Melee: Unarmed           |     5 |       ||     5
       Mace              |     9 |    17 ||    26
 Cast: Sandblast         |    44 |    24 ||    68
       Stone Arrow       |     4 |    20 ||    24
  Use: Scroll            |     5 |     1 ||     6
       Potion            |       |     2 ||     2
Armor: Robe              |    10 |     7 ||    17
Dodge: Dodged            |    28 |    19 ||    47
